 Dungeon Crawl Stone Soup version 0.30-a0-1112-gfb780f5df6 (webtiles) character file.

Game seed: 11593255840282003258

636 bearlyready the Cudgeller (level 7, 0/48 (56) HPs)
             Began as a Gnoll Reaver on Apr 20, 2023.
             Succumbed to an orc wizard's poison
             ... on level 5 of the Dungeon.
             The game lasted 00:04:34 (4117 turns).

bearlyready the Cudgeller (Gnoll Reaver)            Turns: 4117, Time: 00:04:34

HP:   0/48 (56)     AC:  4    Str: 14    XL:     7   Next: 50%
MP:   15/15         EV: 13    Int: 12    God:
Gold: 270           SH:  0    Dex: 10    Spells: 10/17 levels left

rFire   . . .      SeeInvis .    p - +2 whip (elec)
rCold   . . .      Faith    .    (no shield)
rNeg    . . .      Spirit   .    b - +0 leather armour
rPois   .          Reflect  .    (no helmet)
rElec   .          Rampage  .    (no cloak)
rCorr   .                        i - +0 pair of gloves
Will    .....                    (no boots)
Stlth   +                        (no amulet)
HPRegen 0.28/turn                (no ring)
MPRegen 0.14/turn                (no ring)

@: confused, brilliant, lethally poisoned (0 -> -17), heavily drained
A: fangs 1, strong nose, distributed training, inability to drink after injury 1
a: no special abilities


You were on level 5 of the Dungeon.
You visited 1 branch of the dungeon, and saw 5 of its levels.

You collected 270 gold pieces.

Inventory:

Hand Weapons
 a - a +0 mace
 h - a +0 spear
 m - a +2 dagger of protection
 n - a +0 morningstar
 o - a +2 dagger of draining
 p - a +2 whip of electrocution (weapon)
Missiles
 q - 10 poisoned darts
Armour
 b - a +0 leather armour (worn)
 i - a +0 pair of gloves (worn)
Magical Staves
 k - a staff of fire
Scrolls
 d - a scroll of poison {unknown}
 e - 9 scrolls of identify {unknown}
 f - 2 scrolls of fog {unknown}
 r - 2 scrolls of brand weapon {unknown}
 s - a scroll of torment {unknown}
 t - a scroll of silence {unknown}
 v - a scroll of enchant armour {unknown}
 x - a scroll of amnesia {unknown}
 y - 2 scrolls of fear {unknown}
 A - a scroll of immolation {unknown}
Potions
 j - a potion of heal wounds {unknown}
 l - a potion of attraction {unknown}
 u - a potion of lignification {unknown}
 w - 2 potions of mutation
 z - a potion of ambrosia {unknown}


   Skills:
 + Level 5.3 Fighting
 + Level 2.6 Short Blades
 + Level 2.6 Long Blades
 + Level 2.6 Axes
 + Level 7.1 Maces & Flails
 + Level 2.6 Polearms
 + Level 2.6 Staves
 + Level 2.6 Ranged Weapons
 + Level 2.6 Throwing
 + Level 2.6 Armour
 + Level 5.3 Dodging
 + Level 2.6 Stealth
 + Level 2.6 Shields
 + Level 2.6 Unarmed Combat
 + Level 5.7 Spellcasting
 + Level 5.9 Conjurations
 + Level 2.1 Hexes
 + Level 2.1 Summonings
 + Level 2.1 Necromancy
 + Level 2.1 Translocations
 + Level 2.1 Transmutations
 + Level 2.1 Fire Magic
 + Level 2.1 Ice Magic
 + Level 2.1 Air Magic
 + Level 2.1 Earth Magic
 + Level 2.1 Poison Magic
 + Level 2.9 Invocations
 + Level 2.6 Evocations


You had 10 spell levels left.
You knew the following spells:

 Your Spells              Type           Power      Damage    Failure   Level
a - Kiss of Death         Conj/Necr      76%        2d11      4%          1
b - Momentum Strike       Conj/Tloc      38%        3d9       7%          2
c - Fulminant Prism       Conj/Hex       9%         3d7       41%         4

Your spell library contained the following spells:

 Spells                   Type           Power      Damage    Failure   Level
 Magic Dart               Conj           100%       1d8       1%          1
 Searing Ray              Conj           52%        2d6       3%          2
 Hailstorm                Conj/Ice       19%        3d6       13%         3
 Animate Armour           Summ/Erth      24%        N/A       67%         4
 Blade Hands              Tmut           6%         N/A       95%         5
 Iron Shot                Conj/Erth      9%         9d3       100%        6


Dungeon Overview and Level Annotations

Branches:
Dungeon (5/15)
 Temple: D:4-7

Altars:
Fedhas
Nemelex Xobeh
The Shining One

Shops:
D:3 [


Innate Abilities, Weirdness & Mutations

You have very sharp teeth.
Your uncanny sense of smell can sniff out nearby items.
Your experience applies equally to all skills.
You occasionally lose the ability to drink potions when taking damage.


Message History

Things that are here:
a +0 whip; a +0 leather armour; a +0 club You hit something.
You feel sick.
You hear some strange, mumbled words.
Something tries to affect you, but you resist.
You closely miss something.
You feel sick.
You closely miss something.
You feel sick. Something hits you.
You are more poisoned.
You hit something but do no damage. Your bite misses something.
You feel very sick.
You hit the orc. Lightning courses through the orc!
You kill the orc!
You feel very sick.
You hear some strange, mumbled words.
You are confused.
You feel sick. Something hits you.
Things that are here:
a +0 flail; an orc corpse You bump into the rock wall.
You feel very sick. Something hits you.
* * * LOW HITPOINT WARNING * * *
You are lethally poisoned!
You're too confused to cast spells.
Unknown command.
It was a potion of mutation.
You feel extremely strange.
You occasionally lose the ability to drink potions when taking damage.
* * * LOW HITPOINT WARNING * * *
You feel very sick. Something hits you.
* * * LOW HITPOINT WARNING * * *
You are more poisoned.
It was a potion of brilliance.
You feel clever all of a sudden.
* * * LOW HITPOINT WARNING * * *
You feel very sick.
You hear some strange, mumbled words.
You are more confused.
It was a potion of magic.
Magic courses through your body.
You die...

### ... ###.# #... ###
######.#
######.###......#
...†....##.####{###.##
.#####.###.# #)@....#
.# #...>.# ###.#.....
.# ####### (# #.. .#
.. .# ... .# .... .#
....# .# ..... .#


There were no monsters in sight!

Vanquished Creatures
  A bullfrog (D:5)
  2 scorpions (D:4)
  2 jellies (D:4)
  2 orc priests
  A sleepcap (D:5)
  Jessica (D:2)
  3 iguanas
  Terence (D:2)
  8 adders
  An ufetubus (D:5)
  A worm (D:2)
  A dart slug (D:4)
  15 orcs
  10 ball pythons
  2 bats
  4 endoplasms
  3 giant cockroaches
  4 goblins
  8 hobgoblins
  4 jackals
  3 quokkas
  8 frilled lizards
  10 kobolds
  3 rats
98 creatures vanquished.

Notes
Turn   | Place    | Note
-------+----------+-------------------------------------------
     0 | D:1      | bearlyready the Gnoll Reaver began the quest for the Orb.
     0 | D:1      | Reached XP level 1. HP: 20/20 MP: 6/6
    69 | D:1      | Reached XP level 2. HP: 15/21 MP: 7/7
   149 | D:1      | Learned a level 2 spell: Momentum Strike
   488 | D:2      | Reached skill level 5 in Spellcasting
   488 | D:2      | Reached XP level 3. HP: 30/30 MP: 7/9
   604 | D:2      | Reached skill level 1 in Short Blades
   604 | D:2      | Reached skill level 1 in Long Blades
   604 | D:2      | Reached skill level 1 in Axes
   604 | D:2      | Reached skill level 1 in Polearms
   604 | D:2      | Reached skill level 1 in Staves
   604 | D:2      | Reached skill level 1 in Ranged Weapons
   604 | D:2      | Reached skill level 1 in Throwing
   604 | D:2      | Reached skill level 1 in Armour
   604 | D:2      | Reached skill level 1 in Stealth
   604 | D:2      | Reached skill level 1 in Shields
   604 | D:2      | Reached skill level 1 in Unarmed Combat
   604 | D:2      | Reached skill level 1 in Invocations
   604 | D:2      | Reached skill level 1 in Evocations
   961 | D:2      | Reached XP level 4. HP: 34/34 MP: 11/11
  1017 | D:2      | Noticed Terence
  1027 | D:2      | Killed Terence
  1028 | D:2      | Reached skill level 1 in Hexes
  1028 | D:2      | Reached skill level 1 in Summonings
  1028 | D:2      | Reached skill level 1 in Necromancy
  1028 | D:2      | Reached skill level 1 in Translocations
  1028 | D:2      | Reached skill level 1 in Transmutations
  1028 | D:2      | Reached skill level 1 in Fire Magic
  1028 | D:2      | Reached skill level 1 in Ice Magic
  1028 | D:2      | Reached skill level 1 in Air Magic
  1028 | D:2      | Reached skill level 1 in Earth Magic
  1028 | D:2      | Reached skill level 1 in Poison Magic
  1093 | D:2      | Noticed Jessica
  1102 | D:2      | Killed Jessica
  1158 | D:2      | Reached XP level 5. HP: 43/43 MP: 12/12
  2098 | D:3      | Found Owkugoen's Armour Shop.
  2381 | D:3      | Found a glowing golden altar of the Shining One.
  2382 | D:3      | Found a sparkling altar of Nemelex Xobeh.
  2385 | D:3      | Found a blossoming altar of Fedhas.
  2732 | D:4      | Reached skill level 5 in Fighting
  2732 | D:4      | Reached skill level 5 in Dodging
  2732 | D:4      | Reached XP level 6. HP: 23/51 MP: 14/14
  3416 | D:4      | Reached skill level 7 in Maces & Flails
  3416 | D:4      | Reached XP level 7. HP: 48/49 MP: 9/15
  3580 | D:4      | Learned a level 4 spell: Fulminant Prism
  3959 | D:5      | Entered Level 5 of the Dungeon
  4115 | D:5      | Gained mutation: You occasionally lose the ability to drink
                  | potions when taking damage. [potion of mutation]
  4117 | D:5      | Succumbed to an orc wizard's poison

Illustrated notes

Levels and vault maps discovered:
D:1:      reono_arrival_forest_river, layout_basic, minmay_tromino_i4
D:2:      layout_basic, uniq_jessica, uniq_terence
D:3:      layout_loops_ring, nicolae_overflow_hidden_temple, serial_shops, shop,
          grunt_ministairs_10
D:4:      layout_basic
D:5:      layout_loops_ring, minmay_misc_feat_rugged

Skill      XL: |  1  2  3  4  5  6  7 |
---------------+----------------------+-----
Spellcasting   | 5 |  5.7
Short Blades   | 1 2 |  2.6
Long Blades    | 1 2 |  2.6
Axes           | 1 2 |  2.6
Polearms       | 1 2 |  2.6
Staves         | 1 2 |  2.6
Ranged Weapons | 1 2 |  2.6
Throwing       | 1 2 |  2.6
Armour         | 1 2 |  2.6
Stealth        | 1 2 |  2.6
Shields        | 1 2 |  2.6
Unarmed Combat | 1 2 |  2.6
Invocations    | 1 2 |  2.9
Evocations     | 1 2 |  2.6
Hexes          | 1 2 |  2.1
Summonings     | 1 2 |  2.1
Necromancy     | 1 2 |  2.1
Translocations | 1 2 |  2.1
Transmutations | 1 2 |  2.1
Fire Magic     | 1 2 |  2.1
Ice Magic      | 1 2 |  2.1
Air Magic      | 1 2 |  2.1
Earth Magic    | 1 2 |  2.1
Poison Magic   | 1 2 |  2.1
Fighting       | 5 |  5.3
Dodging        | 5 |  5.3
Maces & Flails | 7 |  7.1
Conjurations   | |  5.9

Action                     |  1- 3 |  4- 6 |  7- 9 || total
---------------------------+-------+-------+-------++-------
  Melee: Mace              |    72 |     7 |       ||    79
         Bite              |     3 |    12 |     4 ||    19
         Dagger            |     6 |    14 |       ||    20
         Punch             |     1 |     2 |       ||     3
         Whip              |       |   123 |    47 ||   170
   Cast: Kiss of Death     |     3 |     1 |     1 ||     5
         Momentum Strike   |     2 |     4 |       ||     6
    Use: Potion            |       |       |     3 ||     3
   Stab: Sleeping          |       |     1 |     2 ||     3
 Armour: Leather armour    |    22 |    35 |    10 ||    67
  Dodge: Dodged            |    49 |    73 |    14 ||   136

Table legend: (Time is in decaauts)
 A = Elapsed time spent in this place.
 B = Non-inter-level travel time spent in this place.
 C = Inter-level travel time spent in this place.
 D = Time resting spent in this place.
 E = Time spent auto-exploring this place.
 F = Levels seen in this place.
 G = Mean time per level.
                   A        B        C        D        E       F      G
               +--------+--------+--------+--------+--------+-----+--------+
         Total |   4083 |   3936 |    147 |    104 |   3225 |   5 |  816.6 |
       Dungeon |   4083 |   3936 |    147 |    104 |   3225 |   5 |  816.6 |
               +--------+--------+--------+--------+--------+-----+--------+

Top non-repeatable levels by time:
     D:4: 1243 daAuts
     D:2: 1219 daAuts
     D:3: 983 daAuts
     D:1: 487 daAuts
     D:5: 149 daAuts
